[Event "12th Arad Open 2019"]
[Site "Arad"]
[Date "2019.07.29"]
[Round "7.18"]
[White "Dobrin, Ionut-Alexandru"]
[Black "Ahlander, Bjorn"]
[Result "1/2-1/2"]
[ECO "E20"]
[WhiteElo "2142"]
[BlackElo "2391"]
[Annotator "NA"]
[PlyCount "117"]
[EventDate "2019.07.24"]
[EventType "swiss"]
[EventCountry "ROU"]
[SourceTitle "playchess.com"]
[Source "ChessBase"]
[SourceQuality "1"]
[TimeControl "40/5400+30:900+30"]

1. d4 Nf6 2. c4 e6 3. Nc3 Bb4 4. f3 c5 5. a3 Bxc3+ 6. bxc3 Nc6 7. e4 d6 8. Be3 b6 9. Bd3 Na5 10. Qe2 e5 11. d5 Nh5 12. g3 O-O 13. a4 f5 14. exf5 Bxf5 15. Bxf5 Rxf5 16. Nh3 Qf6 17. O-O Qg6 18. Rae1 Raf8 19. Kh1 Nxc4 20. Qxc4 Nxg3+ 21. hxg3 Qxg3 22. Re2 Rh5 23. Rg2 Qxh3+ 24. Kg1 Rxf3 25. Rxf3 Qxf3 26. Qe2 Qh3 27. Rh2 Qg3+ 28. Rg2 Qh3 29. Rh2 Qxh2+ 30. Qxh2 Rxh2 31. Kxh2 h6 32. Kh3 Kf7 33. Kg4 Kf6 34. c4 g5 35. Bd2 Kg6 36. a5 h5+ 37. Kf3 Kf5 38. a6 h4 39. Be3 g4+ 40. Kg2 g3 41. Kh3 Ke4 42. Bg5 Kf3 43. Bxh4 g2 44. Kh2 e4 45. Kg1 e3 46. Be7 e2 47. Bh4 Ke3 48. Kxg2 Kd3 49. Kf2 Kxc4 50. Bd8 b5 51. Kxe2 Kxd5 52. Bb6 b4 53. Bxa7 Kc6 54. Kd3 Kb5 55. Bxc5 Kxa6 56. Bxb4 Kb5 57. Kd4 Kxb4 58. Kd5 Kb5 59. Kxd6 1/2-1/2

[Event "12th Arad Open 2019"]
[Site "Arad"]
[Date "2019.07.29"]
[Round "7.19"]
[White "Nicora, Cristi"]
[Black "Bogdan, Dan"]
[Result "0-1"]
[ECO "B56"]
[WhiteElo "2102"]
[BlackElo "2370"]
[Annotator "NA"]
[PlyCount "52"]
[EventDate "2019.07.24"]
[EventType "swiss"]
[EventCountry "ROU"]
[SourceTitle "playchess.com"]
[Source "ChessBase"]
[SourceQuality "1"]
[TimeControl "40/5400+30:900+30"]

1. e4 c5 2. Nf3 d6 3. d4 cxd4 4. Nxd4 Nf6 5. Nc3 Nbd7 6. Bc4 g6 7. Be3 a6 8. O-O Bg7 9. f3 b5 10. Bb3 Bb7 11. Qd2 O-O 12. Rad1 Nc5 13. Rfe1 Rc8 14. Qf2 Nxb3 15. Nxb3 Nd7 16. Bd4 Ne5 17. Nd5 f5 18. Bb6 Qd7 19. exf5 Rxf5 20. f4 Bxd5 21. Rxd5 Ng4 22. Qf3 Qc6 23. Rd2 Qxb6+ 24. Kh1 Ne5 25. Qe4 Rcf8 26. g3 Nc4 0-1

[Event "12th Arad Open 2019"]
[Site "Arad"]
[Date "2019.07.29"]
[Round "7.20"]
[White "Ileana, George"]
[Black "Peycheva, Gergana"]
[Result "1-0"]
[ECO "E06"]
[WhiteElo "2344"]
[BlackElo "2065"]
[Annotator "NA"]
[PlyCount "147"]
[EventDate "2019.07.24"]
[EventType "swiss"]
[EventCountry "ROU"]
[SourceTitle "playchess.com"]
[Source "ChessBase"]
[SourceQuality "1"]
[TimeControl "40/5400+30:900+30"]

1. Nf3 d5 2. d4 e6 3. c4 Nf6 4. g3 Be7 5. Bg2 O-O 6. O-O c6 7. Qc2 b6 8. Rd1 Bb7 9. Ne5 Nbd7 10. cxd5 cxd5 11. Nc6 Bxc6 12. Qxc6 Qc8 13. Qc3 Qb7 14. Qd3 Rac8 15. Nc3 Rfd8 16. Bd2 a6 17. Rac1 h6 18. e3 b5 19. Nb1 Ne4 20. Be1 Nd6 21. b3 Ne4 22. f3 Nef6 23. Ba5 Re8 24. Bd2 Bd6 25. Rxc8 Rxc8 26. Rc1 Kf8 27. Rxc8+ Qxc8 28. Qc3 Qxc3 29. Bxc3 b4 30. Bb2 Ke8 31. Bf1 Nb8 32. Nd2 Kd8 33. Bd3 h5 34. Kg2 Ke7 35. e4 Bc7 36. Nf1 Bb6 37. Ne3 g6 38. Nc2 a5 39. e5 Ne8 40. Bc1 Nc6 41. Be3 Ng7 42. g4 f5 43. exf6+ Kxf6 44. h4 Kf7 45. Bb5 Na7 46. Ba4 Ne8 47. Ne1 Nd6 48. Nd3 Nab5 49. Nc5 Nc3 50. Bd7 Bxc5 51. dxc5 Ke7 52. Bc6 Nf7 53. Bb7 Kd7 54. Bf4 e5 55. Bg3 Kc7 56. Ba8 Kc8 57. Bc6 hxg4 58. fxg4 d4 59. Be8 d3 60. Be1 Nh8 61. Kf3 Nxa2 62. Ke4 Nc1 63. Ba4 Nf7 64. Bd2 Ne2 65. Kxd3 Nd4 66. h5 g5 67. Be3 Nf3 68. Ke4 Nh2 69. Be8 Nh6 70. Bxg5 N2xg4 71. Bxh6 Nxh6 72. Kxe5 Kc7 73. Kf6 Kd8 74. Bb5 1-0

[Event "12th Arad Open 2019"]
[Site "Arad"]
[Date "2019.07.29"]
[Round "7.22"]
[White "Florescu, Codrut-Constantin"]
[Black "Obada, Ema"]
[Result "1-0"]
[ECO "E18"]
[WhiteElo "2312"]
[BlackElo "1946"]
[Annotator "NA"]
[PlyCount "97"]
[EventDate "2019.07.24"]
[EventType "swiss"]
[EventCountry "ROU"]
[SourceTitle "playchess.com"]
[Source "ChessBase"]
[SourceQuality "1"]
[TimeControl "40/5400+30:900+30"]

1. d4 Nf6 2. Nf3 e6 3. g3 b6 4. Bg2 Bb7 5. O-O Be7 6. c4 O-O 7. Nc3 d5 8. Ne5 Qc8 9. cxd5 Nxd5 10. Qa4 Nxc3 11. bxc3 Bxg2 12. Kxg2 Qb7+ 13. f3 c5 14. Be3 Na6 15. Rab1 Rac8 16. Rfc1 Rfd8 17. Qb5 Nc7 18. Qa4 Nd5 19. Bd2 Bd6 20. Nc4 Bb8 21. e4 Ne7 22. Be3 cxd4 23. cxd4 f5 24. Nd2 fxe4 25. fxe4 Nf5 26. Bf2 Rxc1 27. Rxc1 Nd6 28. Qb3 Qf7 29. Be3 Qg6 30. Rc6 Rf8 31. e5 Nf5 32. Bf2 Re8 33. Nf3 h6 34. d5 Qf7 35. d6 Qb7 36. Qb5 Qf7 37. Qc4 Rf8 38. Qe4 g6 39. a4 Kh7 40. g4 Ng7 41. Bh4 Qb7 42. Qc2 Rf4 43. h3 Qa6 44. d7 Rxf3 45. Kxf3 Qf1+ 46. Bf2 Qxh3+ 47. Bg3 Qh1+ 48. Ke3 Qd5 49. Qd2 1-0

[Event "12th Arad Open 2019"]
[Site "Arad"]
[Date "2019.07.29"]
[Round "7.23"]
[White "Aciu, Malina-Andreea"]
[Black "Patrascu, Catalin-Lucian"]
[Result "1-0"]
[ECO "B41"]
[WhiteElo "2047"]
[BlackElo "2292"]
[Annotator "NA"]
[PlyCount "144"]
[EventDate "2019.07.24"]
[EventType "swiss"]
[EventCountry "ROU"]
[SourceTitle "playchess.com"]
[Source "ChessBase"]
[SourceQuality "1"]
[TimeControl "40/5400+30:900+30"]

1. e4 c5 2. Nf3 e6 3. d4 cxd4 4. Nxd4 a6 5. c4 Qc7 6. Nc3 Nf6 7. Be2 b6 8. f4 Bb4 9. e5 Ne4 10. Qc2 Bb7 11. O-O Nxc3 12. bxc3 Bc5 13. Kh1 Nc6 14. Nb3 Ne7 15. Bd3 Ng6 16. a4 Nh4 17. Be4 Bxe4 18. Qxe4 Rc8 19. a5 Be7 20. axb6 Qxb6 21. Na5 O-O 22. Be3 Qc7 23. Rfd1 Rb8 24. Qc2 Nf5 25. Bf2 h5 26. g3 Rfc8 27. Qe2 g6 28. h3 d6 29. g4 hxg4 30. hxg4 Nh6 31. Kg2 dxe5 32. fxe5 Bg5 33. Bd4 Kg7 34. c5 Ng8 35. c4 Ne7 36. Qf3 Nc6 37. Nxc6 Qxc6 38. Qxc6 Rxc6 39. Rab1 Rbc8 40. Rb7 R8c7 41. Rxc7 Rxc7 42. Ra1 Be7 43. Ra5 Rc6 44. Kf3 Bd8 45. Ra4 a5 46. Ke4 Kf8 47. Ra2 Ke8 48. Ra3 Ra6 49. Ra2 Kd7 50. Rf2 Ke8 51. Ra2 a4 52. Bc3 Kd7 53. Rf2 Kc6 54. Bb4 Ra7 55. Kd4 Be7 56. Ra2 Bf8 57. Ra3 Bh6 58. Ra1 Bf4 59. Ke4 Bg3 60. Rd1 a3 61. Rd6+ Kc7 62. Bc3 a2 63. Rd1 Ra3 64. Bd4 g5 65. Rd3 Rxd3 66. Kxd3 Bf2 67. Ba1 Kc6 68. Kc2 Kxc5 69. Kd3 Kb4 70. Bb2 Kb3 71. Ba1 Bc5 72. Bc3 Ba3 1-0

[Event "12th Arad Open 2019"]
[Site "Arad"]
[Date "2019.07.29"]
[Round "7.24"]
[White "Gorodetzky, Matan"]
[Black "Turlea, Constantin"]
[Result "1-0"]
[ECO "B51"]
[WhiteElo "2290"]
[BlackElo "1938"]
[Annotator "NA"]
[PlyCount "57"]
[EventDate "2019.07.24"]
[EventType "swiss"]
[EventCountry "ROU"]
[SourceTitle "playchess.com"]
[Source "ChessBase"]
[SourceQuality "1"]
[TimeControl "40/5400+30:900+30"]

1. e4 c5 2. Nf3 d6 3. Bb5+ Nc6 4. O-O Bd7 5. Ba4 Nf6 6. Re1 e6 7. c3 Be7 8. d4 cxd4 9. cxd4 e5 10. d5 Nb8 11. Bxd7+ Nbxd7 12. Nc3 O-O 13. h3 Rc8 14. Be3 a6 15. Nd2 Nc5 16. Qe2 b5 17. a3 Qc7 18. b4 Ncd7 19. Rec1 Qb7 20. a4 bxa4 21. Rxa4 Nb8 22. Nc4 Nfd7 23. Na5 Qc7 24. Nc6 Nxc6 25. dxc6 Qxc6 26. Nd5 Qxc1+ 27. Bxc1 Rxc1+ 28. Kh2 Bg5 29. Qg4 1-0

[Event "12th Arad Open 2019"]
[Site "Arad"]
[Date "2019.07.29"]
[Round "7.25"]
[White "Tampea, Radu"]
[Black "Nastase, Robert-Paul"]
[Result "0-1"]
[ECO "C01"]
[WhiteElo "1913"]
[BlackElo "2283"]
[Annotator "NA"]
[PlyCount "119"]
[EventDate "2019.07.24"]
[EventType "swiss"]
[EventCountry "ROU"]
[SourceTitle "playchess.com"]
[Source "ChessBase"]
[SourceQuality "1"]
[TimeControl "40/5400+30:900+30"]

1. e4 e6 2. d4 d5 3. exd5 exd5 4. Nf3 Bd6 5. c4 c6 6. Nc3 Ne7 7. Bd3 dxc4 8. Bxc4 O-O 9. h3 Nd7 10. O-O Nb6 11. Bb3 Bc7 12. Bg5 Kh8 13. Qd2 f6 14. Bf4 Bxf4 15. Qxf4 Ned5 16. Qd2 Bf5 17. Rfe1 g5 18. a3 Nf4 19. Bc2 Qd7 20. Bxf5 Qxf5 21. Nh2 Nc4 22. Qc1 Rad8 23. b3 Na5 24. b4 Nb3 25. Qb1 Nxd4 26. Qxf5 Nxf5 27. Ne4 Kg7 28. Nc5 b6 29. Ne6+ Nxe6 30. Rxe6 Nd4 31. Re7+ Rf7 32. Rxf7+ Kxf7 33. Kf1 Nb3 34. Re1 Nd2+ 35. Ke2 Nc4 36. Rc1 Rd2+ 37. Ke1 Rd4 38. Ke2 Nxa3 39. Rxc6 Nb5 40. Ke3 Rxb4 41. Ng4 h5 42. Nh6+ Kg7 43. Nf5+ Kf7 44. Ng3 Rb3+ 45. Kd2 Rb2+ 46. Ke3 a5 47. Rxb6 a4 48. Ne4 a3 49. Rxf6+ Kg7 50. Ra6 a2 51. Nd2 Nc3 52. Kd3 Nb1 53. Nc4 Rb3+ 54. Kc2 Ra3 55. Rxa3 Nxa3+ 56. Kb2 Nxc4+ 57. Kxa2 Ne5 58. Kb3 Nd3 59. Kc3 Nf4 60. Kd4 0-1

[Event "12th Arad Open 2019"]
[Site "Arad"]
[Date "2019.07.29"]
[Round "7.26"]
[White "Vasiesiu, Victor"]
[Black "Voinescu, David-Ioan"]
[Result "1/2-1/2"]
[ECO "C17"]
[WhiteElo "2269"]
[BlackElo "2046"]
[Annotator "NA"]
[PlyCount "119"]
[EventDate "2019.07.24"]
[EventType "swiss"]
[EventCountry "ROU"]
[SourceTitle "playchess.com"]
[Source "ChessBase"]
[SourceQuality "1"]
[TimeControl "40/5400+30:900+30"]

1. e4 e6 2. d4 d5 3. Nc3 Bb4 4. e5 c5 5. Qg4 Ne7 6. dxc5 Bxc3+ 7. bxc3 Ng6 8. Nf3 Nd7 9. Bd3 Nxc5 10. O-O Qc7 11. Be3 Bd7 12. Rab1 b6 13. Bd4 h5 14. Qg5 Nxd3 15. cxd3 Qd8 16. Qe3 Ne7 17. Nh4 Nc6 18. g3 g5 19. Nf3 Rg8 20. Kh1 Qe7 21. Rb2 Qd8 22. Rc2 Ne7 23. Qc1 Nf5 24. Be3 g4 25. Nd4 h4 26. Nxf5 exf5 27. Bd4 Be6 28. Qh6 Qg5 29. Qxg5 Rxg5 30. a4 Rg6 31. Rb1 f4 32. gxf4 Bf5 33. Rd2 g3 34. fxg3 hxg3 35. Rg1 gxh2 36. Rxg6 Bxg6 37. Rxh2 Kd7 38. Rh3 Rg8 39. Kh2 Bf5 40. Rh6 Rg6 41. Rh8 Kc6 42. Ra8 Kb7 43. Rf8 Rg7 44. Rd8 Bxd3 45. Rxd5 Bf5 46. Rd8 Ka6 47. Re8 Bc2 48. Re7 Bf5 49. Rc7 Be6 50. c4 Rg8 51. a5 Rc8 52. axb6 axb6 53. Rxc8 Bxc8 54. Kg3 Be6 55. c5 bxc5 56. Bxc5 Kb5 57. Be7 Kc6 58. Kh4 Kd5 59. f5 Bxf5 60. Bf6 1/2-1/2

[Event "12th Arad Open 2019"]
[Site "Arad"]
[Date "2019.07.29"]
[Round "7.27"]
[White "Albu, George"]
[Black "Pasti, Aron"]
[Result "1-0"]
[ECO "D35"]
[WhiteElo "2014"]
[BlackElo "2209"]
[Annotator "NA"]
[PlyCount "49"]
[EventDate "2019.07.24"]
[EventType "swiss"]
[EventCountry "ROU"]
[SourceTitle "playchess.com"]
[Source "ChessBase"]
[SourceQuality "1"]
[TimeControl "40/5400+30:900+30"]

1. d4 d5 2. c4 e6 3. Nc3 Nf6 4. cxd5 exd5 5. Bg5 Be7 6. e3 O-O 7. Bd3 c6 8. Qc2 Nbd7 9. Nge2 Re8 10. f3 Nf8 11. O-O Ng6 12. Rad1 Be6 13. Kh1 Qc7 14. Bxf6 Bxf6 15. f4 Bg4 16. Nxd5 Qd6 17. Nxf6+ Qxf6 18. Qd2 Rad8 19. Rde1 Ne7 20. Nc3 Nd5 21. f5 Bh5 22. e4 Nb4 23. e5 Qh4 24. Re4 Qe7 25. Bb1 1-0

[Event "12th Arad Open 2019"]
[Site "Arad"]
[Date "2019.07.29"]
[Round "7.28"]
[White "Michalicka, Milan"]
[Black "Malos, Vasilica"]
[Result "1-0"]
[ECO "D43"]
[WhiteElo "2190"]
[BlackElo "1782"]
[Annotator "NA"]
[PlyCount "157"]
[EventDate "2019.07.24"]
[EventType "swiss"]
[EventCountry "ROU"]
[SourceTitle "playchess.com"]
[Source "ChessBase"]
[SourceQuality "1"]
[TimeControl "40/5400+30:900+30"]

1. d4 d5 2. c4 c6 3. Nf3 Nf6 4. Nc3 e6 5. g3 g6 6. Bg2 Bg7 7. O-O O-O 8. Bg5 Nbd7 9. Qd2 Re8 10. Rfd1 b6 11. Rac1 Bb7 12. Ne5 Rc8 13. e4 dxe4 14. Qf4 Qc7 15. Nxe4 Nxe5 16. Bxf6 Nd7 17. Bxg7 Qxf4 18. gxf4 Kxg7 19. Nd6 Ba8 20. c5 Red8 21. Nxc8 Rxc8 22. Rc3 b5 23. b4 Bb7 24. a4 a6 25. Ra3 bxa4 26. Rxa4 Rb8 27. Bf1 Ra8 28. Rda1 Nb8 29. Kg2 Kf6 30. Kf3 h6 31. Bd3 Ke7 32. Ke3 Kd8 33. Ke4 Kc7 34. Bc4 Ra7 35. R4a3 Kd8 36. Rh3 h5 37. Ke3 Ke7 38. Ke2 Kf6 39. Rha3 Bc8 40. Bd3 Re7 41. Kd2 Rd7 42. Kc3 Rc7 43. Re1 Rd7 44. Ra2 Rd8 45. Rae2 Rh8 46. h4 Rd8 47. f5 gxf5 48. Rg1 Nd7 49. f4 Nf8 50. Rg8 Bb7 51. Ra2 Ke7 52. Bxa6 Ra8 53. Bc4 Rxa2 54. Bxa2 Bc8 55. Bc4 Bd7 56. Ba6 Ng6 57. b5 cxb5 58. Rxg6 fxg6 59. Kb4 g5 60. fxg5 f4 61. Bb7 Be8 62. Bf3 e5 63. dxe5 Ke6 64. c6 Kxe5 65. Kxb5 Kd4 66. Kb6 Ke3 67. c7 Kxf3 68. c8=Q Bg6 69. Qc3+ Kg4 70. Qf6 Bd3 71. g6 Bxg6 72. Qxg6+ Kxh4 73. Qf5 Kg3 74. Qg5+ Kf3 75. Qxh5+ Ke3 76. Qd1 Kf2 77. Qd2+ Kg3 78. Qe1+ Kg2 79. Qe2+ 1-0

[Event "12th Arad Open 2019"]
[Site "Arad"]
[Date "2019.07.29"]
[Round "7.29"]
[White "Nedelcu, Teodor-Cosmin"]
[Black "Weinzettl, Ernst"]
[Result "1-0"]
[ECO "E48"]
[WhiteElo "1963"]
[BlackElo "2165"]
[Annotator "NA"]
[PlyCount "91"]
[EventDate "2019.07.24"]
[EventType "swiss"]
[EventCountry "ROU"]
[SourceTitle "playchess.com"]
[Source "ChessBase"]
[SourceQuality "1"]
[TimeControl "40/5400+30:900+30"]

1. d4 Nf6 2. c4 e6 3. Nc3 Bb4 4. e3 O-O 5. Bd3 d5 6. cxd5 exd5 7. Nge2 c5 8. dxc5 Bxc5 9. O-O Nc6 10. Nf4 d4 11. Na4 Be7 12. b3 dxe3 13. Bxe3 Nb4 14. Bc4 Qxd1 15. Raxd1 b6 16. Rfe1 Nc2 17. Re2 Nxe3 18. Rxe3 Bb4 19. Rd4 Ba3 20. Nd5 Ng4 21. Rg3 Ne5 22. b4 Nxc4 23. Rxc4 Be6 24. Nf6+ Kh8 25. Rh4 gxf6 26. Rxa3 Rac8 27. h3 Rc1+ 28. Kh2 Rc2 29. Nc3 f5 30. Rf4 Rc8 31. Nb5 R8c4 32. Rxc4 Bxc4 33. Nd6 Be6 34. Rxa7 Kg7 35. Kg3 f4+ 36. Kxf4 Rxf2+ 37. Kg3 Rb2 38. a3 Kf6 39. Ne4+ Kf5 40. Nd6+ Kg6 41. Ra6 Rb3+ 42. Kf4 h6 43. Nb5 Bc4 44. Rxb6+ Kg7 45. Nd6 Bf1 46. Nf5+ 1-0

[Event "12th Arad Open 2019"]
[Site "Arad"]
[Date "2019.07.29"]
[Round "7.30"]
[White "Czebe, Attila"]
[Black "Fluerariu, Radu-Cristian"]
[Result "0-1"]
[ECO "A01"]
[WhiteElo "2436"]
[BlackElo "2021"]
[Annotator "NA"]
[PlyCount "98"]
[EventDate "2019.07.24"]
[EventType "swiss"]
[EventCountry "ROU"]
[SourceTitle "playchess.com"]
[Source "ChessBase"]
[SourceQuality "1"]
[TimeControl "40/5400+30:900+30"]

1. b3 e5 2. Bb2 Nc6 3. e3 Nf6 4. Bb5 Bd6 5. Na3 Na5 6. Be2 c6 7. c4 b6 8. Nc2 Qe7 9. b4 Nb7 10. a3 O-O 11. d3 a5 12. Nf3 Re8 13. O-O Bc7 14. e4 d5 15. cxd5 cxd5 16. Ne3 dxe4 17. dxe4 axb4 18. axb4 Rxa1 19. Qxa1 Qxb4 20. Nxe5 Nc5 21. Bc4 Be6 22. Bxe6 Nxe6 23. Re1 Nxe4 24. Nf3 Nd2 25. Nxd2 Qxd2 26. Bc3 Qd3 27. Nf1 b5 28. Re3 Qc2 29. Qa6 Qa4 30. Qc6 Re7 31. Bb2 h6 32. Ba3 Nd8 33. Qc5 Rxe3 34. Nxe3 Ne6 35. Qe7 Qf4 36. g3 Qf6 37. Qe8+ Kh7 38. Qxb5 Qa1+ 39. Kg2 Qxa3 40. Qc6 Qa5 41. Nd5 Bd8 42. h4 Qc5 43. Qd7 Qd4 44. Qb7 Qe4+ 45. Kg1 Qf5 46. Ne3 Qg6 47. Ng2 Bf6 48. Qd5 Qb1+ 49. Kh2 Qc2 0-1

[Event "12th Arad Open 2019"]
[Site "Arad"]
[Date "2019.07.29"]
[Round "7.33"]
[White "Dobre, Radu-Fabian"]
[Black "Pop, Alexandru"]
[Result "0-1"]
[ECO "C02"]
[WhiteElo "2004"]
[BlackElo "2276"]
[Annotator "NA"]
[PlyCount "82"]
[EventDate "2019.07.24"]
[EventType "swiss"]
[EventCountry "ROU"]
[SourceTitle "playchess.com"]
[Source "ChessBase"]
[SourceQuality "1"]
[TimeControl "40/5400+30:900+30"]

1. e4 c5 2. Nf3 Nc6 3. c3 e6 4. d4 d5 5. e5 Qb6 6. a3 Nge7 7. b4 cxd4 8. cxd4 Nf5 9. Be3 Be7 10. Bd3 O-O 11. Nc3 Qd8 12. O-O f6 13. Bxf5 exf5 14. Re1 fxe5 15. dxe5 f4 16. Bc1 d4 17. Ne2 d3 18. Nxf4 Bg4 19. Qxd3 Qxd3 20. Nxd3 Bxf3 21. gxf3 Nd4 22. Rd1 Nxf3+ 23. Kg2 Rf5 24. Bf4 Nh4+ 25. Kf1 Ng6 26. Bg3 h5 27. h3 Bh4 28. Bh2 Raf8 29. Ra2 Rf3 30. Kg2 Bd8 31. Bg3 Bb6 32. Re2 h4 33. Bh2 R3f5 34. f4 Ne7 35. Nc5 Bxc5 36. bxc5 Nc6 37. Rd7 g5 38. Rb2 gxf4 39. Rbxb7 Rg5+ 40. Kf1 Nxe5 41. Rd4 Nf3 0-1

[Event "12th Arad Open 2019"]
[Site "Arad"]
[Date "2019.07.29"]
[Round "7.34"]
[White "Starcevic, Ante Leon"]
[Black "Sandor, Tamas"]
[Result "1-0"]
[ECO "A30"]
[WhiteElo "2217"]
[BlackElo "1964"]
[Annotator "NA"]
[PlyCount "71"]
[EventDate "2019.07.24"]
[EventType "swiss"]
[EventCountry "ROU"]
[SourceTitle "playchess.com"]
[Source "ChessBase"]
[SourceQuality "1"]
[TimeControl "40/5400+30:900+30"]

1. c4 c5 2. Nf3 Nc6 3. d4 cxd4 4. Nxd4 e5 5. Nb5 a6 6. Nd6+ Bxd6 7. Qxd6 Qf6 8. Qd3 Nge7 9. Nc3 O-O 10. e4 b5 11. c5 b4 12. Na4 a5 13. Nb6 Ba6 14. Qd6 Qh4 15. Nxa8 Bxf1 16. Kxf1 Qxe4 17. Be3 Rxa8 18. Qd2 f5 19. f3 Qc4+ 20. Kg1 f4 21. Bf2 Nf5 22. Qxd7 Ncd4 23. Bxd4 Nxd4 24. h4 Qxc5 25. Kh2 Nxf3+ 26. Kh3 Nxh4 27. Kxh4 Qf2+ 28. Kh5 Qxg2 29. Rag1 Qf3+ 30. Qg4 Qb7 31. Qe6+ Kh8 32. Kg4 Rf8 33. Rh2 h6 34. Rgh1 Rf6 35. Qxf6 gxf6 36. Rxh6+ 1-0

[Event "12th Arad Open 2019"]
[Site "Arad"]
[Date "2019.07.29"]
[Round "7.35"]
[White "Ursan, Petru-Sebastian"]
[Black "Magold, Victor"]
[Result "1/2-1/2"]
[ECO "E18"]
[WhiteElo "2212"]
[BlackElo "1962"]
[Annotator "NA"]
[PlyCount "88"]
[EventDate "2019.07.24"]
[EventType "swiss"]
[EventCountry "ROU"]
[SourceTitle "playchess.com"]
[Source "ChessBase"]
[SourceQuality "1"]
[TimeControl "40/5400+30:900+30"]

1. d4 Nf6 2. Nf3 e6 3. g3 b6 4. Bg2 Bb7 5. O-O Be7 6. c4 O-O 7. Nc3 d5 8. Ne5 Nbd7 9. cxd5 Nxe5 10. d6 Bxg2 11. dxe7 Qxe7 12. dxe5 Bxf1 13. exf6 Qxf6 14. Qxf1 Rfd8 15. Be3 c5 16. Qg2 Qe7 17. a4 Rab8 18. Qe4 Rb7 19. h4 h6 20. Rd1 Rbd7 21. Rxd7 Qxd7 22. Bf4 f6 23. Qg6 Qf7 24. Qxf7+ Kxf7 25. e4 g5 26. hxg5 hxg5 27. Be3 Kg6 28. Kf1 Kh5 29. Ke2 Kg4 30. Nb5 Rd7 31. a5 bxa5 32. Na3 Rb7 33. Nc4 Rb5 34. Kd3 a4 35. Kc2 Kf3 36. e5 f5 37. Nd6 Rb6 38. Nf7 g4 39. Ng5+ Ke2 40. Kc3 Rb3+ 41. Kc2 Rb6 42. Kc3 Rb3+ 43. Kc2 Rb6 44. Kc3 Rb3+ 1/2-1/2

[Event "12th Arad Open 2019"]
[Site "Arad"]
[Date "2019.07.29"]
[Round "7.36"]
[White "Ghimpu, Samuel-Timotei"]
[Black "Popa-Matei, Viorel-Ovidiu"]
[Result "1-0"]
[ECO "C57"]
[WhiteElo "2193"]
[BlackElo "1895"]
[Annotator "NA"]
[PlyCount "70"]
[EventDate "2019.07.24"]
[EventType "swiss"]
[EventCountry "ROU"]
[SourceTitle "playchess.com"]
[Source "ChessBase"]
[SourceQuality "1"]
[TimeControl "40/5400+30:900+30"]

1. e4 e5 2. Nf3 Nc6 3. Bc4 Nf6 4. Ng5 d5 5. exd5 b5 6. Bf1 Nd4 7. c3 Nf5 8. Bxb5+ Bd7 9. Qa4 Bd6 10. Bxd7+ Nxd7 11. Ne6 fxe6 12. dxe6 O-O 13. exd7 e4 14. Qxe4 Qxd7 15. O-O Rae8 16. Qg4 Qb5 17. b3 Qe5 18. g3 h5 19. Qxh5 Qe4 20. Ba3 Re6 21. Bxd6 Rxd6 22. f4 Rd3 23. Qh3 Rfd8 24. Qg2 Qe8 25. a4 Qg6 26. Rf3 Qg4 27. Rxd3 Rxd3 28. Na3 Nxg3 29. Re1 Rf3 30. Nc4 Qxf4 31. Ne5 Rf1+ 32. Rxf1 Nxf1 33. Qd5+ Kh7 34. Qd3+ Kg8 35. Qc4+ Kh8 1-0

[Event "12th Arad Open 2019"]
[Site "Arad"]
[Date "2019.07.29"]
[Round "7.37"]
[White "Kersten, Julian"]
[Black "Kelly, Ladislau-Endre"]
[Result "0-1"]
[ECO "B07"]
[WhiteElo "1951"]
[BlackElo "2182"]
[Annotator "NA"]
[PlyCount "56"]
[EventDate "2019.07.24"]
[EventType "swiss"]
[EventCountry "ROU"]
[SourceTitle "playchess.com"]
[Source "ChessBase"]
[SourceQuality "1"]
[TimeControl "40/5400+30:900+30"]

1. d4 d6 2. e4 Nf6 3. Nc3 e5 4. Nge2 Be7 5. g3 O-O 6. Bg2 exd4 7. Nxd4 Re8 8. O-O Nbd7 9. h3 Bf8 10. Re1 c6 11. a4 a5 12. b3 Nc5 13. Bb2 g6 14. Qd2 Bd7 15. Rad1 Bg7 16. Ba1 Qb6 17. Kh2 Re7 18. Qf4 Qc7 19. Nf3 Rae8 20. Nd2 Nh5 21. Qe3 b6 22. Bf3 d5 23. Ne2 Bxa1 24. Rxa1 Nf6 25. Qg5 Nfxe4 26. Bxe4 Nxe4 27. Nxe4 Rxe4 28. Qd2 Qe5 0-1

[Event "12th Arad Open 2019"]
[Site "Arad"]
[Date "2019.07.29"]
[Round "7.39"]
[White "Stancu, Ovidiu-Grigore"]
[Black "Markovic, Franjo-Josip"]
[Result "0-1"]
[ECO "D85"]
[WhiteElo "1948"]
[BlackElo "2160"]
[Annotator "NA"]
[PlyCount "84"]
[EventDate "2019.07.24"]
[EventType "swiss"]
[EventCountry "ROU"]
[SourceTitle "playchess.com"]
[Source "ChessBase"]
[SourceQuality "1"]
[TimeControl "40/5400+30:900+30"]

1. d4 Nf6 2. c4 g6 3. Nc3 d5 4. cxd5 Nxd5 5. e4 Nxc3 6. bxc3 Bg7 7. Qa4+ Nd7 8. Nf3 O-O 9. Qa3 c5 10. Be3 cxd4 11. cxd4 Nb6 12. Rc1 Bg4 13. Be2 Bxf3 14. gxf3 Bxd4 15. Bxd4 Qxd4 16. Qxe7 Qb2 17. Rd1 Na4 18. Rd7 Rac8 19. Bd1 Qxa2 20. O-O Nc5 21. Rd5 Rfe8 22. Qg5 b6 23. h4 Kg7 24. h5 h6 25. Qg4 Rc6 26. Kh1 a5 27. Rg1 Qxf2 28. Rg2 Qe1+ 29. Rg1 Qe3 30. Bc2 Rf6 31. Rf5 Rxf5 32. exf5 g5 33. f6+ Kf8 34. f4 Ne4 35. Bxe4 Qxe4+ 36. Kh2 Qxf4+ 37. Qxf4 gxf4 38. Rf1 Re6 39. Rxf4 b5 40. Kg3 a4 41. Kg4 a3 42. Kf5 a2 0-1

[Event "12th Arad Open 2019"]
[Site "Arad"]
[Date "2019.07.29"]
[Round "7.40"]
[White "Pislariu, Stefanel-Vasilica"]
[Black "Mozes, Ervin"]
[Result "1/2-1/2"]
[ECO "A84"]
[WhiteElo "1934"]
[BlackElo "2121"]
[Annotator "NA"]
[PlyCount "42"]
[EventDate "2019.07.24"]
[EventType "swiss"]
[EventCountry "ROU"]
[SourceTitle "playchess.com"]
[Source "ChessBase"]
[SourceQuality "1"]
[TimeControl "40/5400+30:900+30"]

1. d4 f5 2. c4 d6 3. Nf3 Nf6 4. Nc3 g6 5. e3 Bg7 6. b4 c6 7. Bb2 Qc7 8. d5 Nbd7 9. Qb3 Nf8 10. Be2 e5 11. dxe6 Bxe6 12. Nd4 Bf7 13. Rd1 Rd8 14. Qa4 Qb6 15. b5 c5 16. Nf3 h6 17. Nd5 Bxd5 18. Bc3 Qc7 19. cxd5 b6 20. O-O Kf7 21. Bc4 N8d7 1/2-1/2

[Event "12th Arad Open 2019"]
[Site "Arad"]
[Date "2019.07.30"]
[Round "8.1"]
[White "Gorodetzky, David"]
[Black "David, Alexandru-Vasile"]
[Result "1/2-1/2"]
[ECO "D85"]
[WhiteElo "2461"]
[BlackElo "2428"]
[Annotator "ChessBase"]
[PlyCount "79"]
[EventDate "2019.07.24"]
[EventType "swiss"]
[EventCountry "ROU"]
[SourceTitle "playchess.com"]
[Source "ChessBase"]
[SourceQuality "1"]
[TimeControl "40/5400+30:900+30"]

1. c4 Nf6 2. Nc3 g6 3. d4 d5 4. cxd5 Nxd5 5. e4 Nxc3 6. bxc3 Bg7 7. Nf3 c5 8. Rb1 O-O 9. Be2 cxd4 10. cxd4 Qa5+ 11. Bd2 Qxa2 12. O-O b6 13. Qc1 Bb7 14. Bc4 Qa4 15. Bb5 Qa2 16. Bc4 Qa4 17. Bb5 Qa2 18. Re1 Rc8 19. Qd1 Nc6 20. Re2 a6 21. Ba4 b5 22. Ra1 Qe6 23. d5 Qd6 24. dxc6 Bxc6 25. Bb3 e6 26. h3 b4 27. e5 Qb8 28. Nd4 Bd7 29. f4 a5 30. Ba4 Bxa4 31. Qxa4 Bf8 32. Nb3 Rc2 33. Rf2 Qb6 34. Kf1 Qa6+ 35. Kg1 Qb6 36. Re1 Qc6 37. Qxc6 Rxc6 38. Ra1 a4 39. Rf3 Rca6 40. Nd4 1/2-1/2

[Event "12th Arad Open 2019"]
[Site "Arad"]
[Date "2019.07.30"]
[Round "8.2"]
[White "Jianu, Vlad-Cristian"]
[Black "Mastrovasilis, Dimitrios"]
[Result "1/2-1/2"]
[ECO "D31"]
[WhiteElo "2523"]
[BlackElo "2589"]
[Annotator "RC"]
[PlyCount "36"]
[EventDate "2019.07.24"]
[EventType "swiss"]
[EventCountry "ROU"]
[SourceTitle "playchess.com"]
[Source "ChessBase"]
[SourceQuality "1"]
[TimeControl "40/5400+30:900+30"]

1. d4 d5 2. c4 e6 3. Nc3 c6 4. e4 dxe4 5. Nxe4 Bb4+ 6. Bd2 Qxd4 7. Bxb4 Qxe4+ 8. Be2 Na6 9. Bd6 Qxg2 10. Qd2 Nf6 11. Bf3 Qg6 12. Ne2 e5 13. Bxe5 Be6 14. O-O-O Qf5 15. Bf4 Bxc4 16. Nd4 Qc5 17. Rhe1+ Be6+ 18. Nc2 O-O 1/2-1/2